 Dungeon Crawl Stone Soup version 0.28-a0-1184-g53156a8862 (webtiles) character file.

Game seed: 3526181939648181293

10213 ytrimaz the Blocker (level 11, -7/92 HPs)
             Began as a Demigod Fighter on Dec 17, 2021.
             Mangled by an orc warrior (8 damage)
             ... on level 9 of the Dungeon.
             The game lasted 00:12:34 (12637 turns).

ytrimaz the Blocker (Demigod Fighter)              Turns: 12637, Time: 00:12:34

Health: -7/92      AC: 18    Str: 35    XL:     11   Next: 11%
Magic:  14/14      EV: 10    Int: 17    God:
Gold:   450        SH: 12    Dex: 15    Spells: 10/10 levels left

rFire   . . .      SeeInvis +   s - +10 long sword "Iblof" {vorpal, *Slow rElec Int+7 Dex+2}
rCold   . . .      Faith    .   c - +0 buckler
rNeg    . . .      Spirit   .   z - +3 scale mail "Luhuanno" {Slay+5 SInv}
rPois   +          Reflect  +   (no helmet)
rElec   +          Harm     .   o - +0 cloak
rCorr   .          Rampage  .   G - +2 pair of gloves
Will    +....                   d - +1 pair of boots
Stlth   ..........              j - amulet of reflection
HPRegen 0.25/turn               y - ring of poison resistance
MPRegen 0.14/turn               t - +6 ring of strength

@: about to teleport
A: high mp 1, forlorn, divine attributes
a: no special abilities


You were on level 9 of the Dungeon.
You visited 1 branch of the dungeon, and saw 10 of its levels.

You collected 450 gold pieces.

Inventory:

Hand Weapons
 a - a +1 flail
 s - the +10 long sword "Iblof" (weapon) {vorpal, *Slow rElec Int+7 Dex+2}
   (You found it on level 4 of the Dungeon)

   It inflicts extra damage upon your enemies.
   Int:       It affects your intelligence (+7).
   Dex:       It affects your dexterity (+2).
   rElec:     It insulates you from electricity.
   *Slow:     It may slow you when you take damage.
Missiles
 b - 4 throwing nets (quivered)
Armour
 c - a +0 buckler (worn)
 d - a +1 pair of boots (worn)
 f - a +0 plate armour
 o - a +0 cloak (worn)
 z - the +3 scale mail "Luhuanno" (worn) {Slay+5 SInv}
   (You found it on level 8 of the Dungeon)

   Slay:      It affects your accuracy & damage with ranged weapons and melee
   (+5).
   SInv:      It lets you see invisible.
 G - a +2 pair of gloves (worn)
Jewellery
 g - a +6 ring of strength
 h - an amulet of guardian spirit
 j - an amulet of reflection (around neck)
 n - a ring of magical power
 t - a +6 ring of strength (right hand)
 u - a ring of fire
 y - a ring of poison resistance (left hand)
 I - a ring of protection from fire
Wands
 v - a wand of iceblast (15)
 x - a wand of polymorph (19)
 H - a wand of charming (3)
Scrolls
 p - 3 scrolls of teleportation
 q - a scroll of fog
 w - 3 scrolls of enchant armour
 B - a scroll of amnesia
 C - a scroll of summoning {unknown}
 D - 2 scrolls of fear {unknown}
Potions
 e - 2 potions of curing
 i - a potion of ambrosia
 k - a potion of magic
 l - 2 potions of might
 m - 2 potions of attraction
 r - 2 potions of cancellation
 E - a potion of brilliance {unknown}


   Skills:
 + Level 7.4 Fighting
 + Level 8.7 Long Blades
 - Level 4.0 Maces & Flails
 + Level 8.1 Armour
 * Level 10.8 Shields


You had 10 spell levels left.
You didn't know any spells.
Your spell library contained the following spells:

 Spells                   Type           Power      Damage    Failure   Level
 Animate Skeleton         Necr           0%         N/A       38%         1
 Freeze                   Ice            0%         1d3       38%         1
 Pain                     Necr           0%         1d4       38%         1
 Summon Small Mammal      Summ           0%         N/A       38%         1
 Call Canine Familiar     Summ           0%         N/A       77%         3
 Frozen Ramparts          Ice            0%         1d2       77%         3
 Gell's Gravitas          Tloc           0%         N/A       77%         3
 Lesser Beckoning         Tloc           0%         N/A       77%         3
 Summon Guardian Golem    Hex/Summ       0%         N/A       77%         3
 Teleport Other           Tloc           0%         N/A       77%         3
 Vampiric Draining        Necr           0%         2d6       77%         3
 Hailstorm                Conj/Ice       0%         3d3       99%         4
 Agony                    Necr           0%         N/A       100%        5
 Excruciating Wounds      Necr           0%         N/A       100%        5
 Dispersal                Tloc           0%         N/A       100%        6


Dungeon Overview and Level Annotations

Branches:
Dungeon (10/15)            Temple (0/1) D:6
   Lair: D:8-11         Orc: D:9-12

Shops:
D:6 *?   D:8 (


Innate Abilities, Weirdness & Mutations

You have an increased reservoir of magic. (+10% MP)
You shall have no god before yourself.
Your divine heritage dramatically boosts your attributes as you level up.


Message History

The orc goes into a battle-frenzy!
You block the orc warrior's attack.
You climb upwards.
There is a stone staircase leading down here.
Unknown command.
You hit the orc warrior.
The orc warrior is moderately wounded.
You block the orc's attack.
The orc warrior hits you with a +0 halberd!!
* * * LOW HITPOINT WARNING * * *
You are too injured to fight recklessly!
You hit the orc warrior but do no damage.
The orc warrior is moderately wounded.
You block the orc's attack.
The orc warrior hits you with a +0 halberd.
* * * LOW HITPOINT WARNING * * *
Unknown command.
You hit the orc warrior.
The orc warrior is heavily wounded.
You block the orc's attack. You block the orc warrior's attack.
Unknown command.
You hit the orc warrior.
The orc warrior is severely wounded.
The orc hits you with a +0 hand axe.
* * * LOW HITPOINT WARNING * * *
The orc warrior hits you with a +0 halberd!
* * * LOW HITPOINT WARNING * * *
You barely miss the orc warrior.
The orc warrior is severely wounded.
You block the orc's attack.
The orc warrior hits you but does no damage.
Unknown command.
Okay, then.
Okay, then.
You block the orc warrior's attack.
As you read the scroll of teleportation, it crumbles to dust.
You feel strangely unstable. The orc hits you with a +0 hand axe!
* * * LOW HITPOINT WARNING * * *
The orc warrior hits you from afar with a +0 halberd!
You die...

#.###............. #.#
#..........###
####.###........#....
##.....#......#.#.....
##.....................
#................>.....
#.......o..............
#..........(...........
#.....@o........#......
#......................
##.............###.....
##.....#.....## ##....
#######[(##.## #..###
#.)(###..# #.####
##.### ##.###.###.
###############..#
##.....##..
#...............##
##.....###.#


You could see an orc warrior (strong) and an orc (strong).

Vanquished Creatures
  4 two-headed ogres
  Pikel (D:9)
  2 kobold demonologists (D:9)
  2 trolls
  2 hornets
  Sigmund (D:3)
  3 wyverns
  A basilisk (D:9)
  6 yaks (D:9)
  2 steam dragons
  A water moccasin (D:7)
  4 orc warriors
  A sky beast (D:6)
  A black bear (D:6)
  A necrophage (D:4)
  An ogre (D:6)
  3 centaurs
  2 bullfrogs (D:8)
  5 kobold brigands
  A scorpion (D:6)
  A water moccasin zombie (D:5)
  A wyvern skeleton (D:5)
  6 killer bees
  7 howler monkeys
  A centaur zombie (D:9)
  9 orc priests
  6 hounds
  Crazy Yiuf (D:3)
  4 gnoll shamans (D:5)
  A bullfrog skeleton (D:4)
  3 iguanas
  Terence (D:3)
  8 orc wizards
  2 killer bee zombies (D:8)
  A hound skeleton (D:4)
  A howler monkey zombie (D:9)
  23 gnolls
  9 adders
  3 ufetubi
  An adder skeleton (D:4)
  2 worms
  A dart slug (D:3)
  47 orcs
  8 endoplasms
  4 giant cockroaches
  4 goblins
  7 hobgoblins
  13 jackals (D:5)
  7 quokkas
  3 training dummies (D:8)
  4 ball pythons
  5 bats
  10 frilled lizards
  17 kobolds
  4 rats
269 creatures vanquished.

Vanquished Creatures (others)
  4 plants (D:5)
4 creatures vanquished.

Grand Total: 273 creatures vanquished

Notes
Turn   | Place    | Note
-------+----------+-------------------------------------------
     0 | D:1      | ytrimaz the Demigod Fighter began the quest for the Orb.
     0 | D:1      | Reached XP level 1. HP: 18/18 MP: 3/3
   342 | D:1      | Reached XP level 2. HP: 10/25 MP: 4/4
   343 | D:1      | Reached skill level 3 in Shields
  1297 | D:2      | Reached XP level 3. HP: 31/31 MP: 5/5
  1560 | D:2      | Reached XP level 4. HP: 21/38 MP: 6/6
  2198 | D:3      | Noticed Sigmund
  2209 | D:3      | Killed Sigmund
  2210 | D:3      | Reached skill level 4 in Shields
  2210 | D:3      | Reached XP level 5. HP: 8/45 MP: 7/7
  2599 | D:3      | Noticed Terence
  2609 | D:3      | Killed Terence
  3195 | D:3      | Reached XP level 6. HP: 40/51 MP: 8/8
  3453 | D:3      | Found a runed translucent door.
  3454 | D:3      | Noticed Crazy Yiuf
  3618 | D:3      | Killed Crazy Yiuf
  3860 | D:4      | Identified the +10 long sword "Iblof" {vorpal, *Slow rElec
                  | Int+7 Dex+2}
  4526 | D:4      | Reached skill level 8 in Shields
  4526 | D:4      | Reached XP level 7. HP: 63/63 MP: 9/9
  4530 | D:5      | Entered Level 5 of the Dungeon
  4573 | D:5      | Reached skill level 5 in Long Blades
  4608 | D:5      | Reached XP level 8. HP: 14/70 MP: 10/10
  5210 | D:5      | Noticed a troll
  5218 | D:5      | Killed a troll
  6316 | D:6      | Reached skill level 9 in Shields
  6369 | D:6      | Reached XP level 9. HP: 75/78 MP: 11/11
  6915 | D:6      | Found Onyodowi's Assorted Antiques.
  7199 | D:6      | Found a staircase to the Ecumenical Temple.
  7479 | D:6      | Found Ukhios's Magic Scroll Shop.
  9329 | D:8      | Found Deuqav's Firing Range.
  9532 | D:8      | Identified the +3 scale mail "Luhuanno" {Slay+5 SInv}
 10074 | D:9      | Noticed Pikel
 10074 | D:9      | Noticed a two-headed ogre
 10085 | D:9      | Killed a two-headed ogre
 10086 | D:9      | Reached XP level 10. HP: 33/84 MP: 13/13
 10092 | D:9      | Killed Pikel
 10249 | D:9      | Reached skill level 10 in Shields
 11349 | D:10     | Entered Level 10 of the Dungeon
 11453 | D:10     | Noticed a two-headed ogre
 11459 | D:10     | Killed a two-headed ogre
 11875 | D:10     | Noticed a two-headed ogre
 11882 | D:10     | Killed a two-headed ogre
 11883 | D:10     | Reached XP level 11. HP: 56/92 MP: 14/14
 12047 | D:10     | Noticed a two-headed ogre
 12051 | D:10     | Killed a two-headed ogre
 12145 | D:10     | Noticed an orc knight
 12637 | D:9      | HP: 1/92 [orc (8)]
 12637 | D:9      | Mangled by an orc warrior

Illustrated notes

Levels and vault maps discovered:
D:1:      sevenhm_arrival_forest_fort_large_2, layout_basic,
          ebering_ecumenical_altar_mist
D:2:      minmay_angry_zag, layout_rooms
D:3:      layout_loops_ring, minmay_pentangle, uniq_crazy_yiuf_cottage,
          uniq_sigmund, uniq_terence
D:4:      layout_loops_ring, grunt_ministairs_4, bh_walls_and_bars
D:5:      lemuel_castle_with_subvaults [lemuel_castle_interior_carwin_2],
          layout_loops_ring, serial_bayou_ford_a
D:6:      layout_layer_cave, chequers_temple_overflow_minitemple,
          minmay_temple_entry_mist, serial_shops, shop, kennysheep_little_box,
          chequers_serial_rivers_room_a
D:7:      layout_basic, chequers_serial_rivers_small_b
D:8:      layout_loops_ring, minmay_splitting_lines, st_stairs_6,
          nicolae_shop_firing_range
D:9:      layout_rooms, nicolae_elevator_lobby_asterisk, uniq_pikel
D:10:     layout_cave_pods, nicolae_ru_the_path_less_chosen, david_orc_5

Skill      XL: |  1  2  3  4  5  6  7  8  9 10 |
---------------+-------------------------------+-----
Shields        | 3 4 8 9 10 | 10.8
Maces & Flails | 2 3 4 |  4.0
Fighting       | 3 6 7 |  7.4
Armour         | 3 6 7 8 |  8.1
Long Blades    | 4 5 7 8 |  8.7

Action                   |  1- 3 |  4- 6 |  7- 9 | 10-12 || total
-------------------------+-------+-------+-------+-------++-------
Melee: Flail             |   126 |   137 |       |       ||   263
       Long sword        |       |    21 |   317 |   147 ||   485
  Use: Scroll            |     4 |     6 |     6 |     4 ||    20
       Potion            |       |     2 |     2 |     2 ||     6
Armor: Plate armour      |    96 |    75 |   157 |       ||   328
       Scale mail        |     3 |       |     2 |    61 ||    66
Dodge: Dodged            |    29 |    37 |    78 |    55 ||   199
Block: Buckler           |    38 |    86 |   201 |    93 ||   418
       Reflection        |       |     1 |     4 |     2 ||     7

Table legend: (Time is in decaauts)
 A = Elapsed time spent in this place.
 B = Non-inter-level travel time spent in this place.
 C = Inter-level travel time spent in this place.
 D = Time resting spent in this place.
 E = Time spent auto-exploring this place.
 F = Levels seen in this place.
 G = Mean time per level.
                   A        B        C        D        E       F      G
               +--------+--------+--------+--------+--------+-----+--------+
         Total |  12758 |  12388 |    370 |    928 |   9380 |  10 | 1275.8 |
       Dungeon |  12758 |  12388 |    370 |    928 |   9380 |  10 | 1275.8 |
               +--------+--------+--------+--------+--------+-----+--------+

Top non-repeatable levels by time:
     D:5: 1805 daAuts
     D:6: 1614 daAuts
     D:2: 1346 daAuts
     D:9: 1319 daAuts
    D:10: 1278 daAuts
     D:7: 1249 daAuts
     D:3: 1217 daAuts
     D:1: 1207 daAuts
     D:8: 882 daAuts
     D:4: 837 daAuts
